 Dungeon Crawl Stone Soup version 0.28.0-53-g5a82cb258f (webtiles) character file.

Game seed: 6933036129539090768

9 Morge the Poker (level 2, 0/24 HPs)
             Began as a Human Berserker on June 6, 2022.
             Was a Follower of Trog.
             Succumbed to an adder's poison
             ... on level 2 of the Dungeon.
             The game lasted 00:11:20 (370 turns).

Morge the Poker (Human Berserker)                    Turns: 370, Time: 00:11:20

Health: 0/24       AC:  2    Str: 17    XL:     2   Next: 25%
Magic:  2/2        EV: 12    Int:  7    God:    Trog [*.....]
Gold:   45         SH:  0    Dex: 12    Spells: 1/1 levels left

rFire   . . .      SeeInvis .   a - +0 spear
rCold   . . .      Faith    .   (no shield)
rNeg    . . .      Spirit   .   b - +0 animal skin
rPois   .          Reflect  .   (no helmet)
rElec   .          Harm     .   (no cloak)
rCorr   .          Rampage  .   (no gloves)
Will    .....                   (no boots)
Stlth   +.........              (no amulet)
HPRegen 0.08/turn               (no ring)
MPRegen 0.08/turn               (no ring)

@: lethally poisoned (0 -> -1)
A: no striking features
a: Renounce Religion, Berserk


You were on level 2 of the Dungeon.
You worshipped Trog.
Trog was aware of your devotion.
You visited 1 branch of the dungeon, and saw 2 of its levels.

You collected 45 gold pieces.

Inventory:

Hand Weapons
 a - a +0 spear (weapon)
 d - a +0 club
 f - a +0 club
Missiles
 c - 28 stones (quivered)
Armour
 b - a +0 animal skin (worn)
 e - a +0 robe


   Skills:
 + Level 3.1 Fighting
 + Level 3.2 Polearms
 + Level 2.2 Armour
 + Level 2.0 Dodging


You had one spell level left.
You didn't know any spells.
Your spell library contained the following spells:

 Spells                   Type           Power      Damage    Failure   Level
 Sublimation of Blood     Necr           0%         N/A       56%         2
 Wereblood                Tmut           0%         N/A       56%         2
 Summon Hydra             Summ           0%         N/A       100%        7


Dungeon Overview and Level Annotations

Branches:
Dungeon (2/15)

Altars:

Shops:
D:2 [


Message History

You kill the ball python!
Trog accepts your kill.
You see here a ball python corpse.
Found 10 gold pieces.
You now have 35 gold pieces (gained 10).
You now have 45 gold pieces (gained 10).
Found a stone staircase leading down.
An adder comes into view.
The adder hisses angrily.
Found 7 gold pieces.
The adder misses you. The adder bites you.
You are poisoned.
The adder poisons you!
You hit the adder.
The adder is lightly wounded.
You feel sick. The adder bites you.
You are more poisoned.
The adder poisons you!
You closely miss the adder.
The adder is lightly wounded.
You feel sick. The adder bites you.
You barely miss the adder.
The adder is lightly wounded.
You feel sick. The adder bites you but does no damage.
You barely miss the adder.
The adder is lightly wounded.
You feel sick. The adder bites you.
You closely miss the adder.
The adder is lightly wounded.
* * * LOW HITPOINT WARNING * * *
You feel sick. The adder barely misses you.
You closely miss the adder.
The adder is lightly wounded.
You feel sick. The adder closely misses you. The adder bites you.
* * * LOW HITPOINT WARNING * * *
* * * LOW HITPOINT WARNING * * *
You feel sick.
* * * LOW HITPOINT WARNING * * *
You feel sick.
You die...

#### #####........# ...##
#####............#
....###................
......+............#####
....###.....#.....##...##.#
..#.#...†...#..............
..#............#.....####.
..###.#....................
................@......>..#
#.#####..##......S.........
..# #..##...............#
..# #...........#######.#
..# ...........#.. #
......##...####..P....
#...# ..### #..#......
#...# #......$.. ..###
#..#......


You could see an adder.

Vanquished Creatures
  2 ball pythons (D:2)
  A bat (D:1)
  An endoplasm (D:1)
  2 giant cockroaches
  A goblin (D:2)
7 creatures vanquished.

Notes
Turn   | Place    | Note
-------+----------+-------------------------------------------
     0 | D:1      | Morge the Human Berserker began the quest for the Orb.
     0 | D:1      | Reached XP level 1. HP: 18/18 MP: 1/1
   260 | D:2      | Reached XP level 2. HP: 23/24 MP: 2/2
   280 | D:2      | Found Raukiret's Armour Emporium.
   369 | D:2      | HP: 1/24 [poisoned by an adder]
   370 | D:2      | Succumbed to an adder's poison

Illustrated notes

Levels and vault maps discovered:
D:1:      dpeg_arrival_subterranean_lakeside_camping, layout_loops_ring,
          chequers_ecumenical_altar_island
D:2:      cheibrodos_old_hovel, layout_basic, serial_shops,
          nicolae_shop_competitors_out_of_business, shop,
          nicolae_shop_hallway_stairs, minmay_misc_feat_chi, uniq_sigmund

Action                   || total
-------------------------++-------
Melee: Spear             ||    28
  Use: Scroll            ||     2
Armor: Animal skin       ||     9
Dodge: Dodged            ||    33
